 Dungeon Crawl Stone Soup version 0.26-a0-670-g578ab304f5 (webtiles) character file.

Game seed: 10850486005753608187

(classic levelgen) 2 EnegeticOcto the Digger (level 1, -1/11 HPs)
             Began as a Halfling Earth Elementalist on Oct 19, 2020.
             Slain by a leopard gecko (5 damage)
             ... on level 1 of the Dungeon.
             The game lasted 00:00:34 (84 turns).

EnegeticOcto the Digger (Halfling Earth Elementalist) Turns: 84, Time: 00:00:34

Health: -1/11      AC:  2    Str:  9    XL:     1   Next: 44%
Magic:  0/3        EV: 15    Int: 13    God:
Gold:   36         SH:  0    Dex: 14    Spells: 2/3 levels left

rFire    . . .     SeeInvis .   g - -2 short sword (curse)
rCold    . . .     Faith    .   (shield restricted)
rNeg     . . .     Spirit   .   c - +0 robe
rPois    .         Reflect  .   (no helmet)
rElec    .         Harm     .   (no cloak)
rCorr    .         Rampage  .   (no gloves)
MR       .....                  (no boots)
Stlth    ++........             (no amulet)
HPRegen  0.03/turn              (no ring)
MPRegen  0.08/turn              (no ring)

@: no status effects
A: small, mutation resistance 1
a: no special abilities


You were on level 1 of the Dungeon.
You visited 1 branch of the dungeon, and saw 1 of its levels.

You collected 36 gold pieces.

Inventory:

Hand Weapons
 e - a +0 dagger
 g - a cursed -2 short sword (weapon)
Missiles
 a - 8 poisoned darts
 b - 41 stones (quivered)
Armour
 c - a +0 robe (worn)
Potions
 d - a potion of curing {@q1 !q}


   Skills:
 - Level 2.1 Dodging
 - Level 2.1 Stealth
 - Level 1.5 Spellcasting
   Level 0.5 Transmutations
 + Level 3.2 Earth Magic


You had 2 spell levels left.
You knew the following spells:

 Your Spells              Type           Power        Failure   Level
a - Sandblast             Erth           #.....       7%          1

Your spell library contained the following spells:

 Spells                   Type           Power        Failure   Level
 Passwall                 Tmut/Erth      #.......     19%         2
 Stone Arrow              Conj/Erth      #.....       38%         3
 Petrify                  Tmut/Erth      #.......     77%         4
 Lee's Rapid Deconstruct  Erth           #.........   89%         5


Dungeon Overview and Level Annotations

Branches:
Dungeon (1/15)

Altars:


Innate Abilities, Weirdness & Mutations

You are small and have problems with some larger weapons.
You are somewhat resistant to further mutation.


Message History

Casting: Sandblast (safe; 8% risk of failure)
Confirm with . or Enter, or press ? or * to list all spells.
Aiming: Sandblast (safe; 8% risk of failure)
Press: ? - help, Shift-Dir - straight line, f - goblin
Aim: a goblin, wielding a +0 dagger The blast of sand hits the goblin.
The goblin is heavily wounded.
b - 45 stones
Casting: Sandblast (safe; 8% risk of failure)
Confirm with . or Enter, or press ? or * to list all spells.
Aiming: Sandblast (safe; 8% risk of failure)
Press: ? - help, Shift-Dir - straight line, f/p - goblin
Aim: a goblin, wielding a +0 dagger (heavily wounded)
The blast of sand hits the goblin!
You kill the goblin!
b - 44 stones You see here a +0 dagger.
e - a +0 dagger (weapon)
You now have 24 gold pieces (gained 10).
Found a scroll labeled DUV DUIWYPH.
Found 12 gold pieces.
Found 8 gold pieces and a glowing short sword.
Found a stone staircase leading down.
A bat comes into view.
f - a scroll labeled DUV DUIWYPH You now have 36 gold pieces (gained 12).
Found a leather armour.
A frilled lizard and a rat come into view.
Found a scroll labeled LICLO MYTUILU.
A goblin comes into view.
You see here a glowing short sword.
It sticks to your hand!
g - a cursed -2 short sword (weapon)
A bat comes into view.
Found 11 gold pieces.
You see here a scroll labeled LICLO MYTUILU.
Blink to where?
Press: ? - help, Dir - move target cursor, f - you Are you sure you want to cancel this blink?
Okay, then.
As you read the scroll labeled LICLO MYTUILU, it crumbles to dust.
It was a scroll of blinking.
The frilled lizard hisses angrily.
The goblin shouts!
The bat closely misses you.
You hear an angry hiss.
Casting: Sandblast (safe; 8% risk of failure)
Confirm with . or Enter, or press ? or * to list all spells.
Aiming: Sandblast (safe; 8% risk of failure)
Press: ? - help, Shift-Dir - straight line, f - frilled lizard
Aim: a frilled lizard The blast of sand misses the frilled lizard.
b - 43 stones A bat comes into view.
The bat hits you but does no damage.
Casting: Sandblast (safe; 8% risk of failure)
Confirm with . or Enter, or press ? or * to list all spells.
Aiming: Sandblast (safe; 8% risk of failure)
Press: ? - help, Shift-Dir - straight line, f/p - frilled lizard
Aim: a frilled lizard The blast of sand hits the frilled lizard.
You kill the frilled lizard!
b - 42 stones The bat closely misses you.
A leopard gecko comes into view.
Casting: Sandblast (safe; 8% risk of failure)
Confirm with . or Enter, or press ? or * to list all spells.
Aiming: Sandblast (safe; 8% risk of failure)
Press: ? - help, Shift-Dir - straight line, f - rat
Aim: a rat The blast of sand hits the rat.
You kill the rat!
b - 41 stones The leopard gecko hisses angrily.
The bat hits you. The bat barely misses you.
Casting: Sandblast (safe; 7% risk of failure)
Confirm with . or Enter, or press ? or * to list all spells.
You don't have enough magic to cast that spell.
Casting: Sandblast (safe; 7% risk of failure)
Confirm with . or Enter, or press ? or * to list all spells.
You don't have enough magic to cast that spell.
You miss the bat. The bat hits you but does no damage. x2
Unknown command.
As you read the scroll labeled DUV DUIWYPH, it crumbles to dust.
It is a scroll of identify.
d - a potion of curing The bat closely misses you. x2
The goblin misses you. The bat barely misses you. The bat closely misses you.
The bat barely misses you. The bat hits you but does no damage.
The goblin closely misses you. The bat hits you. The goblin barely misses you.
The leopard gecko closely misses you. The bat misses you.
The bat hits you but does no damage. The leopard gecko closely misses you.
The goblin barely misses you. The bat hits you. The bat closely misses you.
The leopard gecko bites you. The goblin closely misses you.
The bat closely misses you.
The leopard gecko completely misses you.
The bat hits you but does no damage. The bat barely misses you.
The bat hits you but does no damage. The goblin hits you.
The leopard gecko bites you.
You die...

#...$....... #.......#...
####........... ..............
##........#... .
###............. b.
......bgl...# .. ###.. #..@b...#
. #. ...######.>##.######### .
###..###...[...#..##.#≈≈≈≈≈≈≈#..
.........#####.......#≈≈≈..≈≈#..
.....................≈≈≈≈..≈....
..............######.≈≈≈........
.....................≈≈≈........
.....................≈≈..≈.<..##
....$.........######.≈≈≈≈≈....#


You could see a leopard gecko, a goblin and 2 bats.

Vanquished Creatures
  A goblin (D:1)
  A frilled lizard (D:1)
  A rat (D:1)
3 creatures vanquished.

Notes
Turn   | Place    | Note
-------+----------+-------------------------------------------
     0 | D:1      | EnegeticOcto the Halfling Earth Elementalist began the
                  | quest for the Orb.
     0 | D:1      | Reached XP level 1. HP: 11/11 MP: 3/3
    84 | D:1      | Slain by a leopard gecko

Illustrated notes

Levels and vault maps discovered:
D:1:      dpeg_arrival_pond, layout_rooms, minmay_hedge_maze

Action                   || total
-------------------------++-------
Melee: Short sword       ||     1
 Cast: Sandblast         ||     5
  Use: Scroll            ||     2
Armor: Robe              ||     7
Dodge: Dodged            ||    20

Table legend: (Time is in decaauts)
 A = Elapsed time spent in this place.
 B = Non-inter-level travel time spent in this place.
 C = Inter-level travel time spent in this place.
 D = Time resting spent in this place.
 E = Time spent auto-exploring this place.
 F = Levels seen in this place.
 G = Mean time per level.
                   A        B        C        D        E       F      G
               +--------+--------+--------+--------+--------+-----+--------+
         Total |     83 |     83 |      0 |      0 |      0 |   1 |   83.0 |
       Dungeon |     83 |     83 |      0 |      0 |      0 |   1 |   83.0 |
               +--------+--------+--------+--------+--------+-----+--------+

Top non-repeatable levels by time:
     D:1: 83 daAuts
